 Dungeon Crawl Stone Soup version 0.31.0-2-g5a2aebc5c2 (webtiles) character file.

Game seed: 13094400208243722747

947 Dirian the Chopper (level 7, -1/61 HPs)
             Began as a Minotaur Fighter on Jan 20, 2024.
             Was a Follower of Okawaru.
             Killed from afar by a gnoll (9 damage)
             ... with a bolt of light
             ... on level 4 of the Dungeon.
             The game lasted 00:07:26 (4173 turns).

Dirian the Chopper (Minotaur Fighter)               Turns: 4173, Time: 00:07:26

Health: -1/61      AC: 18    Str: 22    XL:     7   Next: 89%
Magic:  8/8        EV:  5    Int:  5    God:    Okawaru [*.....]
Gold:   29         SH:  0    Dex: 10    Spells: 6/6 levels left

rFire   . . .        a - +1 war axe
rCold   . . .        c - +0 buckler
rNeg    . . .        k - +3 chain mail {Will+}
rPois   .            (helmet restricted)
rElec   .            C - +1 cloak {rCorr}
rCorr   +            (no gloves)
SInv    .            j - +0 pair of boots
Will    +....        (no amulet) Stlth
                     m - ring of flight
HPRegen 0.30/turn    (no ring)
MPRegen 0.11/turn

%: no passive effects
@: lethally poisoned (-1 -> -14), heroic, flying, held, hasted, very quick
A: horns 2, retaliatory headbutt
a: Renounce Religion, Heroism


You were on level 4 of the Dungeon.
You worshipped Okawaru.
Okawaru was aware of your devotion.
You visited 1 branch of the dungeon, and saw 5 of its levels.

You collected 243 gold pieces.
You spent 214 gold pieces at shops.

Inventory:

Hand Weapons
 a - a +1 war axe (weapon)
 l - a +4 mace
Missiles
 w - 6 boomerangs (quivered)
Armour
 c - a +0 buckler (worn)
 j - a +0 pair of boots (worn)
 k - a +3 chain mail of willpower (worn)
 n - a +0 tower shield
 y - a scarf of resistance
 C - a +1 cloak of preservation (worn)
Jewellery
 m - a ring of flight (left hand)
Wands
 e - a wand of mindburst (17)
 s - a wand of flame (8)
Scrolls
 g - a scroll of noise
 i - a scroll of poison
 p - a scroll of immolation
 r - 2 scrolls of identify
 t - a scroll of teleportation
 v - 2 scrolls of fear
 z - a scroll of blinking
Potions
 b - a potion of brilliance
 d - a potion of might
 f - a potion of lignification {unknown}
 h - a potion of haste
 o - a potion of magic {unknown}
 q - 2 potions of curing
 u - a potion of ambrosia {unknown}
 A - a potion of degeneration {unknown}
 B - 2 potions of attraction {unknown}


   Skills:
 + Level 5.4(10.4) Fighting
 + Level 7.7(12.7) Axes
 + Level 5.7(10.7) Armour
 + Level 4.5(9.5) Shields
 * Level 3.4 Invocations


You had 6 spell levels left.
You didn't know any spells.
Your spell library contained the following spells:

 Spells                   Type           Power      Damage    Failure   Level
 Sigil of Binding         Hex            0%         N/A       100%        3
 Dimensional Bullseye     Hex/Tloc       0%         N/A       100%        4
 Call Canine Familiar     Summ           Unusable   N/A       N/A         3

Dungeon Overview and Level Annotations

Branches:
Dungeon (5/15) Zot: 25765
 Temple: D:4-7

Altars:
Cheibriados
Okawaru
Vehumet

Shops:
D:2 =   D:4 [   D:5 !

Annotations:
D:4 1 transporter, Pascal76's ghost, amateur MiGl
D:5 1 runed translucent door, Crazy Yiuf


Innate Abilities, Weirdness & Mutations

You have a pair of horns on your head.
You reflexively headbutt those who attack you in melee.


Message History

The gnoll attacks as it pursues you! The gnoll hits you but does no damage.
There is an open translucent door, spattered with blood here.
Items here: $ ( )) / †.
You struggle against the net.
You feel sick. The gnoll hits you with a +0 whip. The gnoll barely misses you.
The gnoll hits you with a +0 spear.
You struggle against the net.
You feel sick. The gnoll hits you with a +0 whip.
The gnoll hits you but does no damage. x3
You are more poisoned.
The gnoll hits you but does no damage.
You shred the net and break free!
You feel sick. The gnoll hits you but does no damage.
You block the gnoll's attack. The gnoll hits you but does no damage.
The gnoll closely misses you. The gnoll hits you but does no damage.
The gnoll hits you with a +0 spear.
* * * LOW HITPOINT WARNING * * *
You slash the gnoll!
You kill the gnoll!
Okawaru accepts your kill.
You hit the gnoll. You barely miss the gnoll. You slash the gnoll!
You kill the gnoll!
Okawaru accepts your kill.
You feel sick. You block the gnoll's attack. The gnoll misses you.
The gnoll throws a throwing net.
The throwing net hits you.
You become entangled in the net!
The gnoll barely misses you.
It was a potion of curing.
You feel better.
q - 2 potions of curing;
k - a +3 chain mail of willpower (worn)
The gnoll completely misses you. The gnoll hits you but does no damage.
You are poisoned.
The gnoll hits you from afar with a +3 vampiric halberd!
* * * LOW HITPOINT WARNING * * *
The gnoll zaps a wand.
The bolt of light hits you but does no damage.
It was a potion of haste.
You feel yourself speed up.
h - a potion of haste;
v - 2 scrolls of fear
* * * LOW HITPOINT WARNING * * *
You feel very sick.
The gnoll is no longer moving quickly.
The gnoll hits you but does no damage. x2
You are lethally poisoned!
The gnoll hits you but does no damage.
The gnoll zaps a wand.
The bolt of light hits you!
You die...

####.####.≈≈##.###.###.##≈≈..#
.......##.≈≈#...g.....g.#≈≈.##
.###.#.##.≈≈###.##'##.###≈≈.# .#
#.#.##.≈≈..#.#...#?#..≈≈.# .#
#.#.##.≈≈.##.#...#.##.≈≈.# #
.###..<...≈≈.#..#.:.#.g#.≈≈.# ##
..####.##.≈≈.##g#####.##.≈≈.# ##.
#.#....##.....#)#8⌠8#.#..≈≈.# #.#
#...#####....©#)@g©.'.#©.~~.####.
.#### #.....#g#[..#.#..≈≈..# ##
.### #.≈≈.##.##g##.##.≈≈..# #
#..# #.≈≈.#..#...#.g#.≈≈..# #.##
#.≈≈.##.'...'.##.≈≈..## ###
#.≈≈..#.#...#.#..≈≈...#
#.≈≈###.##'##.###≈≈.#.#
#.≈≈#...........#≈≈...# #
#.≈≈##g###.###.##≈≈...###


You could see 4 gnolls.

Vanquished Creatures
  Sigmund (D:5)
  Menkaure (D:4)
  An ice beast (D:5)
  A scorpion (D:5)
  A howler monkey (D:4)
  A hound (D:5)
  2 bombardier beetles (D:5)
  A gnoll bouda (D:4)
  2 jellies (D:5)
  Ijyb (D:4)
  3 iguanas
  Terence (D:3)
  4 gnolls (D:4)
  5 adders
  A shadow imp (D:5)
  7 ribbon worms
  A dart slug (D:3)
  6 orcs
  3 ball pythons
  4 endoplasms
  4 giant cockroaches
  6 goblins
  5 hobgoblins
  8 jackals
  12 kobolds
  4 quokkas
  4 bats
  A frilled lizard (D:1)
  3 rats
94 creatures vanquished.

Notes
Turn   | Place    | Note
-------+----------+-------------------------------------------
     0 | D:1      | Dirian the Minotaur Fighter began the quest for the Orb.
     0 | D:1      | Reached XP level 1. HP: 19/19 MP: 0/0
   143 | D:1      | Reached XP level 2. HP: 13/27 MP: 1/1
   723 | D:2      | Reached XP level 3. HP: 21/33 MP: 2/2
   725 | D:2      | Reached skill level 3 in Axes
   793 | D:2      | Found an iron altar of Okawaru.
   815 | D:2      | Became a worshipper of Warmaster Okawaru
  1121 | D:2      | Found Tofian's Jewellery Shoppe.
  1371 | D:3      | Reached XP level 4. HP: 35/40 MP: 3/3
  1389 | D:3      | Noticed Terence
  1393 | D:3      | Killed Terence
  1416 | D:3      | Found a snail-covered altar of Cheibriados.
  1783 | D:3      | Reached skill level 1 in Invocations
  2083 | D:4      | Reached skill level 4 in Axes
  2100 | D:4      | Noticed Ijyb
  2110 | D:4      | Killed Ijyb
  2111 | D:4      | Reached XP level 5. HP: 39/47 MP: 4/4
  2311 | D:4      | Identified the +1 halberd of Change {venom, ^Drain Str+3
                  | Int+8 Dex+2}
  2340 | D:4      | Noticed Menkaure
  2353 | D:4      | Killed Menkaure
  2353 | D:4      | Reached * piety under Okawaru
  2354 | D:4      | Reached skill level 5 in Axes
  2354 | D:4      | Reached XP level 6. HP: 27/53 MP: 4/6
  2546 | D:4      | Found a transporter.
  2652 | D:4      | Found Ryghixkeil's Armour Shoppe.
  2654 | D:4      | Reached skill level 5 in Armour
  2919 | D:4      | Found a transporter.
  2925 | D:4      | Noticed Pascal76's ghost (amateur MiGl)
  3172 | D:5      | Entered Level 5 of the Dungeon
  3172 | D:5      | Noticed Sigmund
  3184 | D:5      | Killed Sigmund
  3185 | D:5      | Reached skill level 6 in Axes
  3185 | D:5      | Reached XP level 7. HP: 57/60 MP: 5/7
  3199 | D:5      | Reached skill level 5 in Fighting
  3250 | D:5      | Found Alaiweqa's Distillery.
  3254 | D:5      | Found a radiant altar of Vehumet.
  3431 | D:5      | Reached skill level 7 in Axes
  3690 | D:5      | Reached ** piety under Okawaru
  3758 | D:5      | Found a runed translucent door.
  3759 | D:5      | Noticed Crazy Yiuf
  4073 | D:4      | Bought a +1 cloak of preservation for 214 gold pieces
  4173 | D:4      | Killed from afar by a gnoll

Illustrated notes

Levels and vault maps discovered:
D:1:      dpeg_arrival_line_fractal, layout_rooms, serial_curves,
          eino_curves_04, eino_curves_01, eino_curves_03,
          wander_ebering_terrifying_dragon_lair
D:2:      layout_basic, basic_altar, serial_shops, shop,
          hangedman_abyss_or_decor_stabs
D:3:      layout_basic, mainiacjoe_overflow_cross_hatched,
          kennysheep_big_empty_room, uniq_terence
D:4:      minmay_inner_zag, layout_loops_corners, serial_shops, shop,
          gammafunk_ghost_gnarly_gnolls, st_stairs_7, uniq_menkaure, uniq_ijyb
D:5:      layout_basic, fiery_altar_vehumet, serial_shops, shop,
          minmay_misc_feat_enclosed, uniq_sigmund, uniq_crazy_yiuf_cottage

Skill      XL: |  1  2  3  4  5  6  7 |
---------------+----------------------+-----
Fighting       | 4 5 |  5.4
Armour         | 4 5 |  5.7
Shields        | 4 |  4.5
Axes           | 3 4 5 6 7 |  7.7
Invocations    | 1 2 3 |  3.4

Action                     |  1- 3 |  4- 6 |  7- 9 || total
---------------------------+-------+-------+-------++-------
  Melee: War axe           |    75 |    95 |    48 ||   218
         Headbutt          |    13 |    13 |     9 ||    35
 Invoke: Heroism           |       |     1 |     1 ||     2
    Use: Scroll            |       |    13 |       ||    13
         Potion            |       |     1 |     2 ||     3
 Armour: Scale mail        |    69 |    11 |       ||    80
         Chain mail        |       |    43 |    59 ||   102
  Dodge: Dodged            |    37 |    23 |    33 ||    93
  Block: Buckler           |    17 |    20 |    15 ||    52
